 Dungeon Crawl Stone Soup version 0.30-b1-2-g02819fbbbe (webtiles) character file.

Game seed: 5358296543429087778

3843 Alarkh the Skirmisher (level 9, -1/62 HPs)
             Began as a Demonspawn Hexslinger on July 7, 2023.
             Was a Priest of Uskayaw.
             Killed from afar by an acid dragon (23 damage)
             ... with a splash of acid
             ... on level 8 of the Dungeon.
             The game lasted 00:09:36 (7426 turns).

Alarkh the Skirmisher (Demonspawn Hexslinger)       Turns: 7426, Time: 00:09:36

Health: -1/62      AC: 11    Str: 10    XL:     9   Next: 98%
Magic:  11/11      EV: 12    Int: 27    God:    Uskayaw [***...]
Gold:   436        SH:  0    Dex: 12    Spells: 9/10 levels left

rFire   . . .        a - +5 sling "Raedde" {freeze, rC+ Int+4}
rCold   + . .        (no shield)
rNeg    . . .        l - +0 steam dragon scales
rPois   +            (helmet restricted)
rElec   .            y - +0 cloak
rCorr   .            t - +0 pair of gloves
SInv    +            u - +0 pair of boots
Will    +....        H - amulet of the acrobat
Stlth   ++           e - ring of see invisible
HPRegen 0.30/turn    o - ring of poison resistance
MPRegen 0.12/turn

%: acrobat
@: hasted, very quick
A: slimy green scales 2, weakness stinger 2, antennae 1, clever 1, strong-willed
1, inability to read after injury 1, MP-powered wands
a: Renounce Religion, Stomp, Line Pass


You were on level 8 of the Dungeon.
You worshipped Uskayaw.
Uskayaw was noncommittal.
You visited 2 branches of the dungeon, and saw 9 of its levels.
You also visited: Ossuary.

You collected 485 gold pieces.
You spent 49 gold pieces at shops.

Inventory:

Hand Weapons
 a - the +5 sling "Raedde" (weapon) {freeze, rC+ Int+4}
   (You took it off a hobgoblin on level 2 of the Dungeon)

   Int:       It affects your intelligence (+4).
   rC:        It protects you from cold.
 b - a +0 quarterstaff
 I - a +0 short sword of venom
Missiles
 x - 4 throwing nets
Armour
 c - a +0 robe
 l - +0 steam dragon scales (worn)
 t - a +0 pair of gloves (worn)
 u - a +0 pair of boots (worn)
 y - a +0 cloak (worn)
Magical Staves
 p - a staff of poison
Jewellery
 e - a ring of see invisible (left hand)
 i - a ring of protection from cold
 o - a ring of poison resistance (right hand)
 H - an amulet of the acrobat (around neck)
Wands
 G - a wand of roots (13)
 J - a wand of paralysis (10)
Scrolls
 d - a scroll of enchant armour
 f - 2 scrolls of teleportation
 h - a scroll of vulnerability
 j - a scroll of identify
 m - a scroll of fog
 n - a scroll of magic mapping
 r - 3 scrolls of blinking
 s - a scroll of torment
 v - a scroll of poison
 w - a scroll of fear
Potions
 g - 2 potions of mutation
 k - 2 potions of attraction
 q - 2 potions of magic
 z - 3 potions of haste
 A - a potion of degeneration {unknown}
 B - 2 potions of brilliance {unknown}
 C - 3 potions of curing {unknown}
 D - a potion of might {unknown}
 E - a potion of invisibility {unknown}
 F - a potion of lignification


   Skills:
 + Level 2.5 Fighting
 * Level 12.2 Ranged Weapons
 + Level 1.9 Armour
 + Level 2.7 Dodging
 + Level 2.1 Stealth
 - Level 1.0 Spellcasting
 - Level 3.0 Hexes
 + Level 3.1 Invocations


You had 9 spell levels left.
You knew the following spells:

 Your Spells              Type           Power      Damage    Failure   Level
a - Slow                  Hex            68%        N/A       3%          1

Your spell library contained the following spells:

 Spells                   Type           Power      Damage    Failure   Level
 Magic Dart               Conj           4%         1d3       11%         1
 Summon Small Mammal      Summ           4%         N/A       11%         1
 Call Imp                 Summ           2%         N/A       16%         2
 Cigotuvi's Dreadful Rot  Necr/Pois/Air  2%         N/A       16%         2
 Inner Flame              Hex/Fire       9%         N/A       17%         3
 Portal Projectile        Hex/Tloc       18%        N/A       17%         3
 Summon Guardian Golem    Hex/Summ       9%         N/A       17%         3
 Cause Fear               Hex            8%         N/A       30%         4
 Call Canine Familiar     Summ           1%         N/A       32%         3
 Ignite Poison            Fire/Tmut/Pois 1%         N/A       32%         3
 Mephitic Cloud           Conj/Pois/Air  1%         N/A       32%         3
 Freezing Cloud           Conj/Ice/Air   0%         6-21      96%         5


Dungeon Overview and Level Annotations

Branches:
Dungeon (8/15)             Temple (1/1) D:4         Ossuary (visited)
   Lair: D:8-11

Altars:
Ashenzari
Cheibriados
Fedhas
Gozag
Hepliaklqana
Kikubaaqudgha
Makhleb
Nemelex Xobeh
Okawaru
Qazlal
Ru
Sif Muna
Trog
Uskayaw
Vehumet
Wu Jian
Xom
Yredelemnul

Shops:
D:4 [


Innate Abilities, Weirdness & Mutations

You are mostly covered in slimy green scales. (AC +3)
You have a tail ending in a sharp stinger.
You have a pair of small antennae on your head.
Your mind is acute. (Int +4, Str/Dex -1)
You are strong-willed. (Will+)
You occasionally lose the ability to read scrolls when taking damage.
You expend magic power (3 MP) to strengthen your wands.


Message History

Aim: a komodo dragon (moderately wounded, 74% to hit)
You shoot a sling bullet.
The sling bullet hits the komodo dragon.
The komodo dragon seems to slow down.
The sling bullet freezes the komodo dragon.
The komodo dragon is heavily wounded.
Fire: a) +5 sling "Raedde" {freeze, rC+ Int+4}
Press: ? - help, Q - select action, (/) - cycle Shift-Dir - straight line, f/p - komodo dragon
Aim: a komodo dragon (heavily wounded, slow, 74% to hit)
You shoot a sling bullet.
The sling bullet hits the komodo dragon.
The komodo dragon seems to slow down.
The sling bullet freezes the komodo dragon.
The komodo dragon is severely wounded.
Uskayaw will force your foes to helplessly watch your dance.
Fire: a) +5 sling "Raedde" {freeze, rC+ Int+4}
Press: ? - help, Q - select action, (/) - cycle Shift-Dir - straight line, f/p - komodo dragon
Aim: a komodo dragon (severely wounded, slow, 74% to hit)
You shoot a sling bullet.
The sling bullet hits the komodo dragon.
The sling bullet freezes the komodo dragon.
The komodo dragon is severely wounded.
Fire: a) +5 sling "Raedde" {freeze, rC+ Int+4}
Press: ? - help, Q - select action, (/) - cycle Shift-Dir - straight line, f/p - komodo dragon
Aim: a komodo dragon (severely wounded, slow, 74% to hit)
You shoot a sling bullet.
The sling bullet hits the komodo dragon.
The sling bullet freezes the komodo dragon.
The komodo dragon is severely wounded.
Fire: a) +5 sling "Raedde" {freeze, rC+ Int+4}
Press: ? - help, Q - select action, (/) - cycle Shift-Dir - straight line, f/p - komodo dragon
Aim: a komodo dragon (severely wounded, slow, 74% to hit)
You shoot a sling bullet.
The sling bullet hits the komodo dragon.
The komodo dragon seems to slow down.
The sling bullet freezes the komodo dragon.
The komodo dragon is almost dead.
The acid dragon spits acid at you. The splash of acid hits you!!
You die...

#..#.....##........
###.......#.......
##............#
###.........#
###......##
#...#..###
#..####..## #...#
##..## #...##
##.@## #..# ###.###
...# ##.l## ).(
##..## ##D.###
###..#### ##....#
##...# #..##


You could see a komodo dragon (slow) and an acid dragon (catching breath).

Vanquished Creatures
  Maggie (D:7)
  Prince Ribbit (D:5)
  Grinder (D:4)
  A steam dragon (D:7)
  Duvessa (D:5)
  An orc warrior (D:8)
  An ice beast (D:6)
  A sky beast (D:6)
  4 black bears (D:4)
  4 ogres
  A phantom (D:7)
  A kobold brigand (D:7)
  2 bullfrogs (D:8)
  Blork the orc (D:5)
  3 scorpions
  3 water moccasin zombies (Ossuary)
  5 wights (D:7)
  Dowan (D:5)
  3 killer bees (D:8)
  3 orc priests
  5 hounds
  3 jellies
  Crazy Yiuf (D:5)
  5 iguanas
  A sleepcap (D:5)
  3 orc wizards (D:5)
  2 mummies (Ossuary)
  3 gnolls
  6 adders
  A shadow imp (D:6)
  A white imp (D:7)
  An ufetubus (D:5)
  6 adder zombies (Ossuary)
  3 worms
  6 dart slugs
  23 orcs
  7 endoplasms
  5 giant cockroaches
  6 hobgoblins
  3 jackals (D:5)
  5 quokkas
  6 ball pythons
  5 bats
  2 gnoll zombies (Ossuary)
  8 goblins
  5 hobgoblin zombies (Ossuary)
  11 kobolds
  10 kobold zombies (Ossuary)
  4 orc zombies (Ossuary)
  7 rats
193 creatures vanquished.

Notes
Turn   | Place    | Note
-------+----------+-------------------------------------------
     0 | D:1      | Alarkh the Demonspawn Hexslinger began the quest for the
                  | Orb.
     0 | D:1      | Reached XP level 1. HP: 15/15 MP: 2/2
    39 | D:1      | Reached skill level 2 in Ranged Weapons
   232 | D:1      | Gained mutation: You are partially covered in slimy green
                  | scales. (AC +2) [demonic ancestry]
   232 | D:1      | Reached XP level 2. HP: 21/21 MP: 3/3
   320 | D:1      | Reached skill level 3 in Ranged Weapons
   653 | D:2      | Reached XP level 3. HP: 22/26 MP: 4/4
  1103 | D:2      | Identified the +5 sling "Raedde" {freeze, rC+ Int+4}
  1403 | D:3      | Found a blossoming altar of Fedhas.
  1509 | D:3      | Reached XP level 4. HP: 32/32 MP: 5/5
  1511 | D:3      | Reached skill level 4 in Ranged Weapons
  1721 | D:3      | Found a hazy altar of Hepliaklqana.
  1977 | D:4      | Noticed Grinder
  1987 | D:4      | Paralysed by Grinder for 2 turns
  1993 | D:4      | Paralysed by Grinder for 5 turns
  2001 | D:4      | Killed Grinder
  2002 | D:4      | Reached skill level 5 in Ranged Weapons
  2002 | D:4      | Gained mutation: You are mostly covered in slimy green
                  | scales. (AC +3) [demonic ancestry]
  2002 | D:4      | Reached XP level 5. HP: 4/37 MP: 4/6
  2002 | D:4      | Gained mutation: You have a small tail. [demonic ancestry]
  2002 | D:4      | Reached XP level 6. HP: 5/43 MP: 4/7
  2163 | D:4      | Reached skill level 6 in Ranged Weapons
  2239 | D:4      | Found a staircase to the Ecumenical Temple.
  2246 | D:4      | Reached skill level 7 in Ranged Weapons
  2246 | D:4      | Reached XP level 7. HP: 48/48 MP: 8/8
  2251 | Temple   | Entered the Ecumenical Temple
  2432 | Temple   | Became a worshipper of Uskayaw the Reveller
  2505 | D:4      | Reached * piety under Uskayaw
  2508 | D:4      | Reached ** piety under Uskayaw
  2856 | D:4      | Found Osadghir's Armour Shop.
  3135 | D:5      | Entered Level 5 of the Dungeon
  3377 | D:4      | Bought a +0 pair of boots for 49 gold pieces
  3387 | D:4      | Gained mutation: You occasionally lose the ability to read
                  | scrolls when taking damage. [potion of mutation]
  3387 | D:4      | Gained mutation: You are strong-willed. (Will+) [potion of
                  | mutation]
  3387 | D:4      | Gained mutation: You have a pair of small antennae on your
                  | head. [potion of mutation]
  3387 | D:4      | Gained mutation: Your spells are a little harder to cast,
                  | but a little more powerful. [potion of mutation]
  3388 | D:4      | Lost mutation: Your spells are a little harder to cast, but
                  | a little more powerful. [potion of mutation]
  3388 | D:4      | Lost mutation: You have a pair of small antennae on your
                  | head. [potion of mutation]
  3388 | D:4      | Gained mutation: You have a pair of small antennae on your
                  | head. [potion of mutation]
  3388 | D:4      | Gained mutation: You have hidden genetic potential. [potion
                  | of mutation]
  3421 | D:5      | Reached skill level 8 in Ranged Weapons
  3422 | D:5      | Reached *** piety under Uskayaw
  3461 | D:5      | Noticed Prince Ribbit
  3467 | D:5      | Noticed Blork the orc
  3481 | D:5      | Killed Blork the orc
  3482 | D:5      | Reached **** piety under Uskayaw
  3486 | D:5      | Killed Prince Ribbit
  3487 | D:5      | Gained mutation: You have a tail ending in a sharp stinger.
                  | [demonic ancestry]
  3487 | D:5      | Reached XP level 8. HP: 34/54 MP: 9/9
  3668 | D:5      | Found a runed translucent door.
  3669 | D:5      | Noticed Crazy Yiuf
  3703 | D:5      | Noticed Duvessa
  3704 | D:5      | Noticed Dowan
  3728 | D:5      | Killed Duvessa
  3729 | D:5      | Reached skill level 9 in Ranged Weapons
  3735 | D:5      | Killed Dowan
  3931 | D:5      | Gained mutation: Your mind is acute. (Int +4, Str/Dex -1)
                  | [hidden potential]
  4229 | D:5      | Reached skill level 10 in Ranged Weapons
  4379 | D:5      | Killed Crazy Yiuf
  4383 | D:5      | HP: 2/54 [poisoned by Crazy Yiuf]
  4822 | D:6      | Found a sand-covered staircase.
  4833 | Ossuary  | Entered an ossuary
  4867 | Ossuary  | Reached XP level 9. HP: 43/59 MP: 10/10
  4972 | Ossuary  | Reached skill level 11 in Ranged Weapons
  5281 | D:6      | Gained mutation: You expend magic power (3 MP) to
                  | strengthen your wands. [hidden potential]
  5281 | D:6      | Lost mutation: You have hidden genetic potential. [hidden
                  | potential expressed]
  5333 | D:6      | You fall into a shaft and drop 1 floor!
  5335 | D:7      | Found a snail-covered altar of Cheibriados.
  5387 | D:7      | Reached ***** piety under Uskayaw
  6103 | D:6      | Reached skill level 1 in Invocations
  6470 | D:7      | Reached skill level 1 in Stealth
  6522 | D:7      | Reached skill level 1 in Armour
  6597 | D:7      | Reached skill level 12 in Ranged Weapons
  6612 | D:7      | Noticed Maggie
  6802 | D:7      | Killed Maggie
  7398 | D:8      | Noticed a komodo dragon
  7426 | D:8      | Killed from afar by an acid dragon

Illustrated notes

Levels and vault maps discovered:
D:1:      dpeg_arrival_shelter, layout_basic
D:2:      layout_loops_ring, kennysheep_decorative_pillar, minmay_tromino_i2
D:3:      layout_basic, fedhas_altar_1, mainiacjoe_overflow_alcove_4,
          serial_corexii_hall, chequers_hall_statues_wall_a,
          corexii_hall_statues_l, corexii_hall_statues_s
D:4:      black_bear_nest_2, layout_rooms, temple_green, serial_shops,
          kennysheep_mini_moat, chequers_avenue, minivault_25, uniq_grinder
D:5:      layout_gridville, uniq_duvessa, uniq_prince_ribbit1,
          uniq_blork_the_orc, uniq_crazy_yiuf_cottage
D:6:      layout_basic, enter_ossuary_1
D:7:      layout_basic, cheibriados_altar_1, uniq_maggie
D:8:      layout_cave_pods
Temple:   regret_index_temple_chain_breaker

Skill      XL: |  1  2  3  4  5  6  7  8  9 |
---------------+----------------------------+-----
Ranged Weapons | 2 3 5 7 8 10 12 | 12.2
Invocations    | 3 |  3.1
Dodging        | 2 |  2.7
Stealth        | 2 |  2.1
Armour         | 1 |  1.9
Fighting       | 2 |  2.5
Spellcasting   | |  1.0
Hexes          | |  3.0

Action                     |  1- 3 |  4- 6 |  7- 9 || total
---------------------------+-------+-------+-------++-------
   Fire: Sling             |   120 |    52 |   499 ||   671
   Cast: Slow              |       |     2 |       ||     2
    Use: Scroll            |       |       |    14 ||    14
         Potion            |       |       |     5 ||     5
 Armour: Robe              |    11 |     3 |    51 ||    65
         Skin              |       |       |     7 ||     7
         Steam dragon scal |       |       |    10 ||    10
  Dodge: Dodged            |    22 |     5 |   120 ||   147
